 Dungeon Crawl Stone Soup version 0.24.1-14-gf8d2b509d9 (webtiles) character file.

Game seed: 8356930805661489776, levelgen mode: deterministic

326434 Peloso the Blocker (level 21, 0/166 HPs)
             Began as a Gnoll Fighter on May 16, 2020.
             Was a High Priest of Okawaru.
             Shot with an arrow by a deep elf archer (24 damage)
             ... on level 1 of the Vaults.
             The game lasted 02:56:09 (54130 turns).

Peloso the Blocker (Gnoll Fighter)                 Turns: 54130, Time: 02:56:10

Health: 0/166      AC: 31    Str: 26    XL:     21   Next: 64%
Magic:  38/38      EV: 16    Int: 11    God:    Okawaru [*****.]
Gold:   3292       SH: 22    Dex: 26    Spells: 46/46 levels left

rFire    + . .     SeeInvis +   a - +11 long sword of Evolution {freeze, rF+}
rCold    + . .     Gourm    +   t - +0 large shield (curse)
rNeg     + . .     Faith    .   S - +5 plate armour {MR+}
rPois    +         Spirit   .   C - +1 helmet {SInv}
rElec    .         Reflect  .   E - +1 cloak {rPois}
rCorr    .         Harm     .   G - +0 pair of gloves {Dex+3}
MR       ++...                  H - +1 pair of boots {Fly}
Stlth    +++.......             W - amulet of the gourmand
HPRegen  0.37/turn              u - ring "Riuxo" {rC+ rN+ Int-4 Dex+2 Stlth+}
MPRegen  0.26/turn              M - ring "Seshuf" {Wiz *Drain Int+4 Dex+4 SInv}

@: about to teleport, marked, flying
A: distributed training, fangs 1, strong nose
}: 2/15 runes: decaying, gossamer
a: Heroism, Finesse, Renounce Religion, Stop Flying


You were on level 1 of the Vaults.
You worshipped Okawaru.
Okawaru was extremely pleased with you.
You were not hungry.

You visited 8 branches of the dungeon, and saw 36 of its levels.
You also visited: Trove, Gauntlet and Ice Cave.

You collected 4166 gold pieces.
You spent 874 gold pieces at shops.

Inventory:

Hand Weapons
 a - the +11 long sword of Evolution (weapon) {freeze, rF+}
   (You found it on level 8 of the Dungeon)

   It has been specially enchanted to freeze those struck by it, causing extra
   injury to most foes and up to half again as much damage against particularly
   susceptible opponents.
   It can also slow down cold-blooded creatures.
   It protects you from fire.
 b - a +5 scimitar of flaming
 c - the +11 short sword "Jolott" {elec, rElec rN+++ Str-2 Stlth-}
   (You took it off a deep elf mage on level 3 of the Elven Halls)

   Occasionally, upon striking a foe, it will discharge some electrical energy
   and cause terrible harm.
   It affects your strength (-2).
   It insulates you from electricity.
   It renders you almost immune to negative energy.
   It makes you less stealthy.
 Q - the +10 mace of Subjectivity {crush, rC++ Str+6 Int-5}
   (You found it on level 4 of the Swamp)

   It inflicts extra damage upon your enemies.
   It affects your strength (+6).
   It affects your intelligence (-5).
   It greatly protects you from cold.
Armour
 q - a scarf of spirit shield
 t - a cursed +0 large shield (worn)
 C - a +1 helmet of see invisible (worn)
 D - a scarf of cloud immunity
 E - a +1 cloak of poison resistance (worn)
 G - a +0 pair of gloves of dexterity (worn)
 H - a +1 pair of boots of flying (worn)
 K - a +2 plate armour of magic resistance
 R - +0 swamp dragon scales
 S - a +5 plate armour of magic resistance (worn)
Jewellery
 k - an uncursed ring of resist corrosion
 u - the ring "Riuxo" (left hand) {rC+ rN+ Int-4 Dex+2 Stlth+}
   (You found it on level 2 of the Elven Halls)

   [ring of stealth]

   It affects your intelligence (-4).
   It affects your dexterity (+2).
   It protects you from cold.
   It protects you from negative energy.
   It makes you more stealthy.
 M - the ring "Seshuf" (right hand) {Wiz *Drain Int+4 Dex+4 SInv}
   (You found it on level 10 of the Dungeon)

   [ring of wizardry]

   It improves your spell success rate.
   It affects your intelligence (+4).
   It affects your dexterity (+4).
   It lets you see invisible.
   It causes draining when unequipped.
 V - an uncursed ring of protection from fire
 W - an amulet of the gourmand (around neck)
Wands
 l - a wand of acid (6)
 w - a wand of polymorph (7)
 x - a wand of enslavement (14)
 y - a wand of paralysis (9)
 I - a wand of random effects (24)
 J - a wand of disintegration (20)
Scrolls
 d - 2 scrolls of noise
 e - 18 scrolls of remove curse
 h - 6 scrolls of teleportation
 p - 6 scrolls of magic mapping
 r - 7 scrolls of identify
 s - a scroll of enchant armour
 v - a scroll of amnesia
 F - a scroll of holy word
 L - 4 scrolls of fear
 N - 2 scrolls of enchant weapon
 Z - 2 scrolls of blinking
Potions
 g - 4 potions of mutation
 i - 8 potions of curing
 j - 4 potions of magic
 m - a potion of invisibility
 n - 4 potions of might
 o - 7 potions of heal wounds
 z - 6 potions of haste
 A - 4 potions of resistance
 B - 7 potions of agility
 O - 3 potions of ambrosia
Comestibles
 f - 64 rations


   Skills:
 + Level 14.3 Fighting
 + Level 13.1 Short Blades
 + Level 13.8 Long Blades
 + Level 13.1 Axes
 + Level 13.1 Maces & Flails
 + Level 13.1 Polearms
 + Level 13.1 Staves
 + Level 13.1 Slings
 + Level 13.1 Bows
 + Level 13.1 Crossbows
 + Level 13.1 Throwing
 + Level 14.3 Armour
 + Level 13.1 Dodging
 + Level 13.1 Stealth
 + Level 14.3 Shields
 + Level 13.1 Unarmed Combat
 + Level 13.1 Spellcasting
 + Level 11.3 Conjurations
 + Level 11.3 Hexes
 + Level 11.3 Charms
 + Level 11.3 Summonings
 + Level 11.3 Necromancy
 + Level 11.3 Translocations
 + Level 11.3 Transmutations
 + Level 11.3 Fire Magic
 + Level 11.3 Ice Magic
 + Level 11.3 Air Magic
 + Level 11.3 Earth Magic
 + Level 11.3 Poison Magic
 + Level 14.1 Invocations
 + Level 13.1 Evocations


You had 46 spell levels left.
You didn't know any spells.
Your spell library contained the following spells:

 Spells                   Type           Power        Failure   Level  Hunger
 Animate Skeleton         Necr           N/A          1%          1    None
 Apportation              Tloc           ####..       1%          1    None
 Confusing Touch          Hex            ####..       1%          1    None
 Corona                   Hex            ####...      1%          1    None
 Flame Tongue             Conj/Fire      ####.        1%          1    None
 Freeze                   Ice            ####         1%          1    None
 Magic Dart               Conj           ####         1%          1    None
 Shock                    Conj/Air       ####         1%          1    None
 Summon Small Mammal      Summ           ####         1%          1    None
 Blink                    Tloc           N/A          1%          2    None
 Call Imp                 Summ           ####....     1%          2    None
 Ensorcelled Hibernation  Hex/Ice        ####..       1%          2    None
 Slow                     Hex            ####....     1%          2    None
 Sublimation of Blood     Necr           ####......   1%          2    None
 Swiftness                Chrm/Air       ####....     1%          2    None
 Throw Flame              Conj/Fire      ####..       1%          2    None
 Throw Frost              Conj/Ice       ####..       1%          2    None
 Call Canine Familiar     Summ           ####....     3%          3    #......
 Confuse                  Hex            ####....     3%          3    #......
 Conjure Flame            Conj/Fire      ####....     3%          3    #......
 Dazzling Spray           Conj/Hex       ####..       3%          3    #......
 Gell's Gravitas          Tloc           ####......   3%          3    #......
 Inner Flame              Hex/Fire       ####....     3%          3    #......
 Mephitic Cloud           Conj/Pois/Air  ####....     3%          3    #......
 Ozocubu's Armour         Chrm/Ice       ####....     3%          3    #......
 Portal Projectile        Hex/Tloc       ####..       3%          3    #......
 Recall                   Summ/Tloc      N/A          3%          3    #......
 Regeneration             Chrm/Necr      ####......   3%          3    #......
 Static Discharge         Conj/Air       ####....     3%          3    #......
 Summon Guardian Golem    Hex/Summ       ####....     3%          3    #......
 Tukima's Dance           Hex            ####....     3%          3    #......
 Airstrike                Air            ####......   11%         4    ###....
 Cause Fear               Hex            ####......   11%         4    ###....
 Ice Form                 Ice/Tmut       ####....     11%         4    ###....
 Leda's Liquefaction      Hex/Erth       ####......   11%         4    ###....
 Petrify                  Tmut/Erth      ####....     11%         4    ###....
 Sticky Flame             Conj/Fire      ####....     11%         4    ###....
 Summon Ice Beast         Ice/Summ       ####....     11%         4    ###....
 Summon Lightning Spire   Summ/Air       ####....     11%         4    ###....
 Throw Icicle             Conj/Ice       ####....     11%         4    ###....
 Aura of Abjuration       Summ           ####......   26%         5    #####..
 Dispel Undead            Necr           ####....     26%         5    #####..
 Fireball                 Conj/Fire      ####......   26%         5    #####..
 Lightning Bolt           Conj/Air       ####......   26%         5    #####..
 Metabolic Englaciation   Hex/Ice        ####......   26%         5    #####..
 Summon Demon             Summ           ####......   26%         5    #####..
 Summon Forest            Summ/Tloc      ####......   26%         5    #####..
 Summon Mana Viper        Hex/Summ       ####....     26%         5    #####..
 Yara's Violent Unravell  Hex/Tmut       ####......   26%         5    #####..
 Bolt of Cold             Conj/Ice       ####......   80%         6    ######.
 Death Channel            Necr           ####......   80%         6    ######.
 Freezing Cloud           Conj/Ice/Air   ####......   80%         6    ######.
 Ozocubu's Refrigeration  Ice            ####......   80%         6    ######.
 Shadow Creatures         Summ           N/A          80%         6    ######.
 Simulacrum               Ice/Necr       ####......   80%         6    ######.


Dungeon Overview and Level Annotations

Branches:
Dungeon (15/15)            Temple (1/1) D:4            Lair (6/6) D:9
  Swamp (4/4) Lair:2       Spider (4/4) Lair:3        Slime (0/5) Lair:6
    Orc (2/2) D:9             Elf (3/3) Orc:2        Vaults (1/5) D:13
 Depths (0/5) D:15          IceCv (visited)         Gauntlet (visited)

Altars:
Ashenzari
Cheibriados
Dithmenos
Elyvilon
Fedhas
Gozag
Hepliaklqana
Kikubaaqudgha
Makhleb
Nemelex Xobeh
Okawaru
Qazlal
Ru
Sif Muna
Trog
Uskayaw
Vehumet
Wu Jian
Xom
Yredelemnul
Zin
The Shining One
Beogh

Shops:
D:8 *   D:9 (   Orc:2 ([!*   Elf:2 ?   Vaults:1 }

Annotations:
D:13 1 runed translucent door, Loxaehel's ghost, journeyman HOFi
Lair:2 exclusion: 2 oklob plants
Elf:2 2 runed translucent doors


Innate Abilities, Weirdness & Mutations

Your experience applies equally to all skills.
You have very sharp teeth.
Your uncanny sense of smell can sniff out nearby items.


Message History

The yaktaur seems to grow stronger.
The centaur warrior shoots an arrow.
You block the arrow. The vault warden closely misses you.
The vault guard misses you.
Unknown command.
You slice the vault warden!! You freeze the vault warden.
You bite the vault warden, but do no damage.
The vault warden is moderately wounded.
The deep elf archer shoots an arrow.
You block the arrow.
The vault guard hits you from afar with a +0 bardiche!
* * * LOW HITPOINT WARNING * * *
You block the ironbrand convoker's attack.
As you read the scroll of teleportation, it crumbles to dust.
You feel strangely unstable.
The centaur warrior shoots an arrow.
You block the arrow. You block the vault warden's attack.
The vault guard hits you but does no damage.
The vault sentinel casts a spell at you.
The mark upon you grows brighter.
The ironbrand convoker hits you but does no damage.
The deep elf archer shoots an arrow.
The arrow hits you!!
You die...

#....#∆
#....# #....#
#...e#
#..%.#######
#...........
#..p....c...
#..p).......
#.cp@.......
#.pp########
#...+...#
#...#∆p.#
#...#.#p#
#...+.....
#...#.......
#...#########
#....


You could see a vault warden, 2 vault guards, a centaur warrior, a vault
sentinel, a deep elf archer, an ironbrand convoker and a yaktaur.

Vanquished Creatures
  Nikola (Swamp:3)
  Arachne (Spider:4)
  Kirke (Lair:5)
  3 thorn hunters
  Roxanne (Elf:2)
  Agnes (Spider:1)
  Frances (Spider:1)
  Donald (Spider:1)
  An orc warlord (Orc:2)
  Aizul (Swamp:1)
  8 ghost moths
  A balrug (Gauntlet)
  4 emperor scorpions
  A very ugly thing (Swamp:2)
  2 entropy weavers
  4 deep elf annihilators
  A minotaur (Gauntlet)
  4 spark wasps
  A deep elf death mage (Elf:1)
  Josephine (Lair:6)
  Snorg (D:9)
  The ghost of VeryBadPlayer the Protected, a journeyman MiFi of Makhleb (D:10)
  Fannar (D:11)
  A rakshasa (D:14)
  15 hydras
  An ice dragon (Lair:6)
  A ghost crab (Swamp:4)
  6 shambling mangroves
  2 centaur warriors
  14 alligators
  2 two-headed ogres
  Erica (Orc:1)
  A queen ant (Gauntlet)
  12 dancing weapons
  5 orc high priests (Orc:2)
  Urug (Lair:5)
  12 deep elf knights
  Sonja (Orc:1)
  5 unseen horrors (D:11)
  8 deep elf archers
  4 spriggan druids
  A flayed ghost (D:10)
  A wizard (D:13)
  4 necromancers
  23 orb spiders
  11 swamp dragons
  A lindwurm (shapeshifter) (D:15)
  6 orc knights
  2 ironbrand convokers (Vaults:1)
  5 harpies (Vaults:1)
  3 lindwurms
  34 wolf spiders
  16 ugly things
  50 deep elf magi
  3 manticores
  6 orc sorcerers
  2 cyclopes
  12 elephants
  An oklob plant (Lair:6)
  A vault sentinel (Vaults:1)
  A black mamba (shapeshifter) (Elf:3)
  13 black mambas
  A guardian serpent (Lair:6)
  A guardian serpent (shapeshifter) (D:14)
  Joseph (D:7)
  An ice statue (IceCv)
  2 gargoyles
  7 torpor snails
  A rime drake (Lair:6)
  9 spiny frogs
  5 kobold demonologists
  9 komodo dragons
  A yaktaur (Vaults:1)
  An ice devil (Gauntlet)
  An efreet (D:13)
  10 freezing wraiths (IceCv)
  22 demonic crawlers
  A queen bee (shapeshifter) (D:15)
  37 jumping spiders
  29 hornets
  A polar bear (D:10)
  10 trolls
  15 tyrant leeches
  3 trolls (shapeshifter)
  15 blink frogs
  20 slime creatures
  5 bog bodies
  10 hippogriffs
  69 redbacks
  A spriggan (shapeshifter) (D:15)
  A vampire (D:11)
  6 water elementals
  4 air elementals
  5 spriggans
  15 wyverns
  4 wraiths (Lair:6)
  A shadow (Swamp:4)
  18 yaks
  2 large abominations (Elf:1)
  28 tarantellas
  2 hungry ghosts
  3 fire elementals
  3 hogs (Lair:5)
  2 basilisks
  11 vampire mosquitoes
  9 insubstantial wisps
  A warg (Orc:1)
  15 swamp worms
  17 water moccasins
  A hell hound (Gauntlet)
  7 soldier ants
  3 acid dragons
  5 porcupines
  17 ice beasts
  13 swamp drakes
  A necrophage (D:9)
  An ice beast (shapeshifter) (D:15)
  6 sky beasts
  35 orc warriors
  8 boggarts
  3 eyes of draining
  19 ogres
  4 phantoms
  16 centaurs
  10 crocodiles
  7 big kobolds
  5 elf zombies (Elf:1)
  13 bullfrogs
  2 earth elementals (Elf:1)
  A gnoll sergeant (D:8)
  5 scorpions
  5 killer bees (D:7)
  A swamp dragon simulacrum (IceCv)
  4 wights (D:13)
  3 howler monkeys (D:7)
  8 electric eels
  2 centaur zombies (D:10)
  7 crimson imps
  A bullfrog zombie (D:8)
  5 centaur skeletons
  3 draconian simulacra (IceCv)
  10 hounds
  A quasit (D:12)
  32 orc priests
  9 jellies
  16 orc wizards
  2 bullfrog skeletons
  Natasha (twice) (D:3)
  6 iguanas
  A spriggan simulacrum (IceCv)
  7 worker ants
  2 polar bear simulacra (IceCv)
  3 troll simulacra (IceCv)
  A wolf simulacrum (IceCv)
  A killer bee zombie (D:5)
  3 centaur simulacra (IceCv)
  2 hound zombies
  2 hound skeletons
  Robin (D:2)
  2 worker ant zombies
  7 gnolls
  12 adders
  8 naga simulacra (IceCv)
  2 ogre simulacra (IceCv)
  3 shadow imps
  16 white imps
  An ooze (D:1)
  3 adder skeletons
  3 adder zombies
  A worm (D:6)
  A dart slug (D:3)
  11 leopard geckos
  106 orcs
  13 bats
  4 giant cockroaches
  22 goblins
  11 hobgoblins
  7 jackals
  3 quokkas
  A ball python (D:2)
  9 frilled lizards
  28 kobolds
  4 rats
  4 briar patches
  5 fungi
1374 creatures vanquished.

Vanquished Creatures (others)
  A ghost moth (Spider:2)
  A hydra (Swamp:3)
  A swamp dragon (Swamp:4)
  A necromancer (Elf:1)
  An orb spider (Spider:4)
  A deep elf mage (Elf:3)
  A shadow (D:13)
  2 redbacks (Spider:4)
  An orc (D:9)
  A bat (D:11)
  2 kobolds (D:13)
  7 fungi
  30 plants
  2 withered plants (D:13)
52 creatures vanquished.

Grand Total: 1426 creatures vanquished

Notes
Turn   | Place    | Note
-------+----------+-------------------------------------------
     0 | D:1      | Peloso the Gnoll Fighter began the quest for the Orb.
     0 | D:1      | Reached XP level 1. HP: 23/23 MP: 1/1
   198 | D:1      | You fall into a shaft and drop 1 floor!
   217 | D:2      | Reached XP level 2. HP: 29/29 MP: 2/2
   406 | D:2      | Noticed Robin
   437 | D:2      | Killed Robin
   437 | D:2      | Reached XP level 3. HP: 33/35 MP: 2/4
   559 | D:2      | Reached skill level 1 in Invocations
   561 | D:2      | Noticed a centaur
   577 | D:2      | Killed a centaur
   577 | D:2      | Reached skill level 1 in Short Blades
   577 | D:2      | Reached skill level 1 in Axes
   577 | D:2      | Reached skill level 1 in Maces & Flails
   577 | D:2      | Reached skill level 1 in Polearms
   577 | D:2      | Reached skill level 1 in Staves
   577 | D:2      | Reached skill level 1 in Slings
   577 | D:2      | Reached skill level 1 in Bows
   577 | D:2      | Reached skill level 1 in Crossbows
   577 | D:2      | Reached skill level 1 in Throwing
   577 | D:2      | Reached skill level 1 in Dodging
   577 | D:2      | Reached skill level 1 in Stealth
   577 | D:2      | Reached skill level 1 in Unarmed Combat
   577 | D:2      | Reached skill level 1 in Spellcasting
   577 | D:2      | Reached skill level 1 in Conjurations
   577 | D:2      | Reached skill level 1 in Hexes
   577 | D:2      | Reached skill level 1 in Charms
   577 | D:2      | Reached skill level 1 in Summonings
   577 | D:2      | Reached skill level 1 in Necromancy
   577 | D:2      | Reached skill level 1 in Translocations
   577 | D:2      | Reached skill level 1 in Transmutations
   577 | D:2      | Reached skill level 1 in Fire Magic
   577 | D:2      | Reached skill level 1 in Ice Magic
   577 | D:2      | Reached skill level 1 in Air Magic
   577 | D:2      | Reached skill level 1 in Earth Magic
   577 | D:2      | Reached skill level 1 in Poison Magic
   577 | D:2      | Reached skill level 1 in Evocations
   577 | D:2      | Reached XP level 4. HP: 12/41 MP: 5/5
   577 | D:2      | Reached XP level 5. HP: 14/47 MP: 6/6
  2630 | D:3      | Reached XP level 6. HP: 52/53 MP: 8/8
  2689 | D:3      | Noticed Natasha
  2703 | D:3      | Killed Natasha
  2703 | D:3      | Reached skill level 5 in Long Blades
  2790 | D:3      | Found a faded altar of an unknown god.
  3147 | D:3      | Noticed Natasha
  3153 | D:3      | Killed Natasha
  3397 | D:4      | Found a staircase to the Ecumenical Temple.
  3403 | Temple   | Entered the Ecumenical Temple
  3476 | Temple   | Became a worshipper of Warmaster Okawaru
  3720 | D:4      | Reached XP level 7. HP: 48/59 MP: 10/10
  3725 | D:4      | Found an iron altar of Okawaru.
  4255 | D:5      | Entered Level 5 of the Dungeon
  4273 | D:5      | Found a hide-covered altar of Uskayaw.
  4322 | D:5      | Reached * piety under Okawaru
  4601 | D:5      | Found a sacrificial altar of Ru.
  4963 | D:6      | Reached XP level 8. HP: 62/67 MP: 12/12
  5208 | D:6      | Found a hazy altar of Hepliaklqana.
  5209 | D:6      | Found an ornate altar of the Wu Jian Council.
  5209 | D:6      | Found an ancient bone altar of Kikubaaqudgha.
  5709 | D:7      | Noticed a white ugly thing
  5728 | D:7      | Killed a white ugly thing
  5728 | D:7      | Reached ** piety under Okawaru
  5753 | D:7      | Noticed Joseph
  5765 | D:7      | Reached XP level 9. HP: 29/72 MP: 14/14
  5779 | D:7      | Killed Joseph
  5981 | D:7      | You fall into a shaft and drop 3 floors!
  5981 | D:10     | Entered Level 10 of the Dungeon
  6005 | D:9      | Noticed a flayed ghost
  6017 | D:10     | Killed a flayed ghost
  6017 | D:10     | Reached *** piety under Okawaru
  6125 | D:10     | Reached skill level 5 in Invocations
  6372 | D:9      | Reached XP level 10. HP: 78/80 MP: 17/17
  6376 | D:9      | Found Wudiplij's Weapon Shoppe.
  6386 | D:9      | Reached **** piety under Okawaru
  6396 | D:9      | Bought a +1 dagger of flaming for 127 gold pieces
  6435 | D:8      | Found a blossoming altar of Fedhas.
  6582 | D:8      | Found Sobov's Assorted Antiques.
  6849 | D:8      | Got a pitted long sword
  6850 | D:8      | Identified the +11 long sword of Evolution {freeze, rF+}
                  | (You found it on level 8 of the Dungeon)
  6918 | D:8      | Paralysed by a hornet for 1 turns
  6924 | D:8      | Reached skill level 5 in Short Blades
  6924 | D:8      | Reached skill level 5 in Axes
  6924 | D:8      | Reached skill level 5 in Maces & Flails
  6924 | D:8      | Reached skill level 5 in Polearms
  6924 | D:8      | Reached skill level 5 in Staves
  6924 | D:8      | Reached skill level 5 in Slings
  6924 | D:8      | Reached skill level 5 in Bows
  6924 | D:8      | Reached skill level 5 in Crossbows
  6924 | D:8      | Reached skill level 5 in Throwing
  6924 | D:8      | Reached skill level 5 in Dodging
  6924 | D:8      | Reached skill level 5 in Stealth
  6924 | D:8      | Reached skill level 5 in Unarmed Combat
  6924 | D:8      | Reached skill level 5 in Spellcasting
  6924 | D:8      | Reached skill level 5 in Evocations
  8262 | D:8      | Bought a purple potion for 22 gold pieces
  8262 | D:8      | Bought a metallic white potion for 22 gold pieces
  8262 | D:8      | Bought a scroll labeled CEWNO GORGHOC for 25 gold pieces
  8280 | D:8      | Received a gift from Okawaru
  8569 | D:9      | Found a shimmering blue altar of Sif Muna.
  8786 | D:9      | Reached ***** piety under Okawaru
  8787 | D:9      | Found a staircase to the Orcish Mines.
  9013 | D:9      | Received a gift from Okawaru
  9136 | D:9      | Found a staircase to the Lair.
  9151 | D:9      | Reached XP level 11. HP: 87/87 MP: 19/19
  9455 | D:9      | Noticed a two-headed ogre
  9467 | D:9      | Killed a two-headed ogre
  9715 | D:10     | Found a runed translucent door.
  9728 | D:10     | Noticed VeryBadPlayer's ghost (journeyman MiFi)
  9730 | D:10     | Identified the cursed +0 spear "Xumeetau" {venom, Int+2}
  9837 | D:10     | Got a slimy wooden ring
  9839 | D:10     | Identified the ring "Seshuf" {Wiz *Drain Int+4 Dex+4 SInv}
                  | (You found it on level 10 of the Dungeon)
 10089 | D:10     | Received a gift from Okawaru
 10089 | D:10     | Reached skill level 5 in Conjurations
 10089 | D:10     | Reached skill level 5 in Hexes
 10089 | D:10     | Reached skill level 5 in Charms
 10089 | D:10     | Reached skill level 5 in Summonings
 10089 | D:10     | Reached skill level 5 in Necromancy
 10089 | D:10     | Reached skill level 5 in Translocations
 10089 | D:10     | Reached skill level 5 in Transmutations
 10089 | D:10     | Reached skill level 5 in Fire Magic
 10089 | D:10     | Reached skill level 5 in Ice Magic
 10089 | D:10     | Reached skill level 5 in Air Magic
 10089 | D:10     | Reached skill level 5 in Earth Magic
 10089 | D:10     | Reached skill level 5 in Poison Magic
 10169 | D:11     | Found a gate leading to a gauntlet.
 10190 | Gauntlet | Entered a Gauntlet
 10190 | Gauntlet | Found a transporter.
 10196 | Gauntlet | Found a transporter.
 10198 | Gauntlet | Found a transporter.
 10200 | Gauntlet | Found a runed translucent door.
 10200 | Gauntlet | Found a runed translucent door.
 10202 | Gauntlet | Noticed an orb spider
 10204 | Gauntlet | an orb spider changed into a blink frog
 10212 | Gauntlet | Found a transporter.
 10214 | Gauntlet | Found a transporter.
 10216 | Gauntlet | Noticed a five-headed hydra
 10226 | Gauntlet | Found a transporter.
 10242 | Gauntlet | Found a transporter.
 10248 | Gauntlet | Found a transporter.
 10265 | Gauntlet | Noticed a death drake
 10268 | Gauntlet | Found a transporter.
 10272 | Gauntlet | Noticed a catoblepas
 10274 | Gauntlet | Found a transporter.
 10276 | Gauntlet | Noticed a queen ant
 10297 | Gauntlet | Found a runed translucent door.
 10299 | Gauntlet | Noticed an unseen horror
 10299 | Gauntlet | a yak changed into an unseen horror
 10304 | Gauntlet | Found a transporter.
 10306 | Gauntlet | Found a transporter.
 10333 | Gauntlet | Found a transporter.
 10336 | Gauntlet | Noticed a balrug
 10350 | Gauntlet | Found a transporter.
 10485 | Gauntlet | Got an opalescent robe
 10488 | Gauntlet | Noticed a harpy
 10546 | Gauntlet | Killed a queen ant
 10636 | Gauntlet | Killed a balrug
 10636 | Gauntlet | Received a gift from Okawaru
 10647 | Gauntlet | Got a warped golden ring
 10649 | Gauntlet | Identified the ring of Fuiwuir {Ice *Drain Str+3 Int+7
                  | SInv} (You found it in a Gauntlet)
 10669 | Gauntlet | Noticed a minotaur
 10681 | Gauntlet | Killed a minotaur
 10681 | Gauntlet | Received a gift from Okawaru
 11111 | D:11     | Noticed a brown ugly thing
 11121 | D:11     | Killed a brown ugly thing
 11231 | D:11     | Noticed an unseen horror
 11238 | D:11     | Killed an unseen horror
 11238 | D:11     | Received a gift from Okawaru
 11238 | D:11     | Reached XP level 12. HP: 69/96 MP: 22/22
 11289 | D:11     | Noticed a sun demon
 11290 | D:11     | Noticed a sun demon
 11494 | D:11     | Noticed a two-headed ogre
 11510 | D:11     | Killed a two-headed ogre
 11831 | D:11     | Noticed Fannar
 11990 | D:11     | Received a gift from Okawaru
 12052 | D:11     | Killed Fannar
 12052 | D:11     | Received a gift from Okawaru
 12378 | D:11     | Identified a scroll of acquirement
 12452 | Lair:1   | Entered Level 1 of the Lair of Beasts
 12771 | Lair:1   | Noticed a seven-headed hydra
 12802 | Lair:1   | Killed a seven-headed hydra
 12802 | Lair:1   | Reached skill level 10 in Fighting
 12802 | Lair:1   | Reached skill level 10 in Armour
 12802 | Lair:1   | Reached skill level 10 in Shields
 13284 | Lair:1   | Identified the +1 robe "Qocvown" {*Corrode rF++ MR++} (You
                  | found it in a Gauntlet)
 13751 | Lair:2   | Noticed a four-headed hydra
 13786 | Lair:1   | Killed a four-headed hydra
 14057 | Lair:2   | Noticed a six-headed hydra
 14090 | Lair:2   | Killed a six-headed hydra
 14090 | Lair:2   | Reached XP level 13. HP: 23/103 MP: 22/24
 14577 | Lair:2   | Found a staircase to the Swamp.
 15441 | Lair:3   | Found a hole to the Spider Nest.
 16014 | Orc:1    | Entered Level 1 of the Orcish Mines
 16014 | Orc:1    | Noticed Snorg
 16030 | D:9      | Killed Snorg
 16064 | Orc:1    | Noticed Sonja
 16245 | Orc:1    | Killed Sonja
 16245 | Orc:1    | Received a gift from Okawaru
 16355 | Orc:1    | Noticed Erica
 16736 | Orc:1    | Killed Erica
 17319 | Orc:2    | Entered Level 2 of the Orcish Mines
 17391 | Orc:2    | Found a roughly hewn altar of Beogh.
 17441 | Orc:2    | Found Qiatodwu's Weapon Emporium.
 17462 | Orc:2    | Found Cireel's Armour Shoppe.
 17480 | Orc:2    | Received a gift from Okawaru
 17572 | Orc:2    | Received a gift from Okawaru
 18538 | Orc:2    | Reached XP level 14. HP: 99/111 MP: 26/26
 18567 | Orc:2    | Noticed an orc warlord
 18615 | Orc:2    | Killed an orc warlord
 19095 | Orc:2    | Found a roughly hewn altar of Beogh.
 19174 | Orc:2    | Received a gift from Okawaru
 19646 | Orc:2    | Found Deerchahi's General Store.
 19773 | Orc:2    | Reached skill level 10 in Long Blades
 19825 | Orc:2    | Found Efralikeyf's Distillery.
 20376 | Orc:2    | Found a staircase to the Elven Halls.
 20487 | Orc:2    | Bought a potion of might for 52 gold pieces
 20487 | Orc:2    | Bought a potion of heal wounds for 65 gold pieces
 20487 | Orc:2    | Bought a potion of berserk rage for 65 gold pieces
 20487 | Orc:2    | Bought a potion of curing for 39 gold pieces
 20873 | D:12     | Found a frozen archway.
 20925 | IceCv    | Entered an ice cave
 21352 | IceCv    | Found an ancient bone altar of Kikubaaqudgha.
 21543 | IceCv    | Reached skill level 10 in Invocations
 22736 | D:13     | Received a gift from Okawaru
 22798 | D:13     | Noticed Loxaehel's ghost (journeyman HOFi)
 22799 | D:13     | Found a runed translucent door.
 23350 | D:13     | Received a gift from Okawaru
 23513 | D:13     | Found a gate to the Vaults.
 23883 | D:10     | Killed VeryBadPlayer's ghost
 23883 | D:10     | Received a gift from Okawaru
 24066 | Lair:4   | Found a sacrificial altar of Ru.
 24075 | Lair:4   | Reached XP level 15. HP: 119/119 MP: 28/28
 24742 | Lair:5   | Noticed Urug
 24759 | Lair:5   | Killed Urug
 25313 | Lair:5   | Received a gift from Okawaru
 25807 | Lair:6   | Entered Level 6 of the Lair of Beasts
 25807 | Lair:6   | Noticed Kirke
 25828 | Lair:5   | Reached ****** piety under Okawaru
 25844 | Lair:5   | Killed Kirke
 25992 | Lair:6   | Found a staircase to the Slime Pits.
 26121 | Lair:6   | Noticed Josephine
 26126 | Lair:6   | Received a gift from Okawaru
 26131 | Lair:6   | Killed Josephine
 26131 | Lair:6   | Reached skill level 10 in Short Blades
 26131 | Lair:6   | Reached skill level 10 in Axes
 26131 | Lair:6   | Reached skill level 10 in Maces & Flails
 26131 | Lair:6   | Reached skill level 10 in Polearms
 26131 | Lair:6   | Reached skill level 10 in Staves
 26131 | Lair:6   | Reached skill level 10 in Slings
 26131 | Lair:6   | Reached skill level 10 in Bows
 26131 | Lair:6   | Reached skill level 10 in Crossbows
 26131 | Lair:6   | Reached skill level 10 in Throwing
 26131 | Lair:6   | Reached skill level 10 in Dodging
 26131 | Lair:6   | Reached skill level 10 in Stealth
 26131 | Lair:6   | Reached skill level 10 in Unarmed Combat
 26131 | Lair:6   | Reached skill level 10 in Spellcasting
 26131 | Lair:6   | Reached skill level 10 in Evocations
 26672 | Lair:6   | Paralysed by a hornet for 3 turns
 26846 | Lair:6   | Found a runed translucent door.
 26895 | Lair:6   | Paralysed by a hornet for 2 turns
 26896 | Lair:6   | HP: 5/120 [lindwurm (5)]
 27898 | Lair:6   | Paralysed by a hornet for 1 turns
 27917 | Lair:6   | Received a gift from Okawaru
 27938 | Lair:6   | Reached XP level 16. HP: 104/127 MP: 30/30
 28644 | Swamp:1  | Entered Level 1 of the Swamp
 28711 | Swamp:1  | Noticed Aizul
 28733 | Swamp:1  | HP: 2/127 [Aizul/poison arrow (20)]
 28746 | Swamp:1  | Killed Aizul
 30034 | Spider:1 | Entered Level 1 of the Spider Nest
 30145 | Spider:1 | Noticed Donald
 30156 | Spider:1 | Killed Donald
 30734 | Spider:1 | Received a gift from Okawaru
 30855 | Spider:1 | Received a gift from Okawaru
 31401 | Spider:1 | Noticed Frances
 31404 | Spider:1 | Received a gift from Okawaru
 31429 | Spider:1 | Killed Frances
 31667 | Spider:1 | Noticed Agnes
 32084 | Spider:1 | Killed Agnes
 32084 | Spider:1 | Received a gift from Okawaru
 32404 | Elf:1    | Entered Level 1 of the Elven Halls
 32577 | Elf:1    | Received a gift from Okawaru
 32791 | Elf:1    | Reached XP level 17. HP: 135/135 MP: 32/32
 32820 | Elf:1    | Identified the Tome of the Twenty Friends
 33216 | Elf:1    | Found a portal to a secret trove of treasure.
 34382 | Orc:2    | Bought a potion of curing for 39 gold pieces
 34749 | D:8      | Bought a scroll of identify for 50 gold pieces
 34749 | D:8      | Bought a scroll of identify for 50 gold pieces
 35311 | D:14     | Received a gift from Okawaru
 35494 | D:15     | Entered Level 15 of the Dungeon
 35892 | D:15     | Received a gift from Okawaru
 36085 | D:15     | Found a staircase to the Depths.
 37196 | Elf:2    | Received a gift from Okawaru
 37338 | Elf:2    | Noticed Roxanne
 37371 | Elf:2    | Killed Roxanne
 37378 | Elf:2    | Found Jaelleubimn's Magic Scroll Boutique.
 37393 | Elf:2    | Bought a scroll of enchant weapon for 90 gold pieces
 37393 | Elf:2    | Bought a scroll of enchant weapon for 90 gold pieces
 37393 | Elf:2    | Bought a scroll of identify for 24 gold pieces
 37393 | Elf:2    | Bought a scroll of identify for 24 gold pieces
 37393 | Elf:2    | Bought a scroll of blinking for 90 gold pieces
 37599 | Elf:2    | Found a runed translucent door.
 38181 | Elf:2    | Found a runed translucent door.
 38221 | Elf:2    | Got a bound silver ring
 38254 | Elf:2    | Identified the ring "Riuxo" {rC+ rN+ Int-4 Dex+2 Stlth+}
                  | (You found it on level 2 of the Elven Halls)
 38877 | Elf:1    | You paid a toll of a +6 demon whip to enter a treasure
                  | trove
 38878 | Trove    | Entered a treasure trove
 39023 | Elf:3    | Entered Level 3 of the Elven Halls
 39124 | Elf:3    | Reached skill level 10 in Conjurations
 39124 | Elf:3    | Reached skill level 10 in Hexes
 39124 | Elf:3    | Reached skill level 10 in Charms
 39124 | Elf:3    | Reached skill level 10 in Summonings
 39124 | Elf:3    | Reached skill level 10 in Necromancy
 39124 | Elf:3    | Reached skill level 10 in Translocations
 39124 | Elf:3    | Reached skill level 10 in Transmutations
 39124 | Elf:3    | Reached skill level 10 in Fire Magic
 39124 | Elf:3    | Reached skill level 10 in Ice Magic
 39124 | Elf:3    | Reached skill level 10 in Air Magic
 39124 | Elf:3    | Reached skill level 10 in Earth Magic
 39124 | Elf:3    | Reached skill level 10 in Poison Magic
 39400 | Elf:3    | Received a gift from Okawaru
 39647 | Elf:3    | Reached XP level 18. HP: 139/143 MP: 33/33
 39774 | Elf:3    | Reached XP level 19. HP: 149/149 MP: 34/34
 39814 | Elf:3    | Identified the +11 short sword "Jolott" {elec, rElec rN+++
                  | Str-2 Stlth-}
 39844 | Elf:3    | Received a gift from Okawaru
 40493 | Lair:1   | Reached XP level 20. HP: 157/157 MP: 34/36
 41856 | Swamp:2  | Received a gift from Okawaru
 43836 | Spider:3 | Received a gift from Okawaru
 44575 | Spider:3 | Received a gift from Okawaru
 44881 | Spider:4 | Entered Level 4 of the Spider Nest
 48892 | Spider:4 | Reached XP level 21. HP: 165/165 MP: 10/37
 49007 | Spider:4 | Noticed Arachne
 49034 | Spider:4 | Killed Arachne
 49239 | Spider:4 | Received a gift from Okawaru
 49553 | Spider:4 | Got a gossamer rune of Zot
 51136 | Swamp:4  | Entered Level 4 of the Swamp
 51152 | Swamp:4  | Got a pitted mace
 51200 | Swamp:4  | Identified the +10 mace of Subjectivity {crush, rC++ Str+6
                  | Int-5} (You found it on level 4 of the Swamp)
 52148 | Swamp:4  | Noticed Nikola
 52496 | Swamp:3  | Killed Nikola
 53313 | Swamp:4  | Got a decaying rune of Zot
 53724 | Vaults:1 | Entered Level 1 of the Vaults
 53727 | Vaults:1 | Found Cezig's Gadget Emporium.
 53932 | Vaults:1 | Identified the +4 long sword "Lum Tegi" {slice, *Corrode
                  | rC+ Dex+5}
 54130 | Vaults:1 | Shot with an arrow by a deep elf archer

Levels and vault maps discovered:
D:1:      kilobyte_arrival_exit_the_forest, layout_basic, dk_noncrumbling_2
D:2:      layout_loops_corners, uniq_robin
D:3:      minmay_chambers_of_twos, layout_loops_corners,
          chequers_ecumenical_altar_simple_redux, first_ration, uniq_natasha
D:4:      layout_basic, minmay_temple_entry_hall, kennysheep_okawaru_gauntlet
D:5:      layout_gridville, nicolae_overflow_crystal_walls, basic_altar
D:6:      layout_loops_ring, chequers_temple_overflow_statue_of_worship,
          minmay_lizard_king
D:7:      layout_loops_ring, uniq_joseph
D:8:      layout_basic, overflow_temple_1_default, serial_shops, shop
D:9:      layout_roguey, marbit_many_paths, dpeg_oklobed_lair, erik_orc_1,
          serial_shops, shop, nzn_random_ring
D:10:     layout_roguey, ebering_ghost_funeral_grove
D:11:     layout_irregular_city, gauntlet_entry_generic, blue_anna_alchemist
          [blue_anna_fruit_fields, blue_anna_fruit_fields],
          kennysheep_cluttered_room, hangedman_batty, uniq_fannar
D:12:     layout_roguey, portal_ice_cave_entry_ice_beasts
D:13:     layout_rooms, david_vaults_4, serial_bayou, serial_bayou_shore_b,
          serial_bayou_pond_e, serial_bayou_lake_a, serial_bayou_pond_c,
          gammafunk_ghost_grave
D:14:     layout_roguey, serial_bayou_pond_c
D:15:     gammafunk_enter_depths_forms, layout_basic, serial_bayou_ford_a
Temple:   eino_temple_scatter_basement
Lair:1:   layout_hall_layers, infiniplex_staircase_pool, serial_bayou_shore_b
Lair:2:   layout_concentric_octagons, minmay_swamp_entry_swarm,
          serial_bayou_shore_a, grunt_megastairs_3, minmay_lair_oklob_chamber,
          lemuel_fruit_tree, infiniplex_staircase_pool_2
Lair:3:   layout_regular_city, spider_nest_entry_a
Lair:4:   layout_gridlike, basic_altar, serial_rivers,
          chequers_serial_rivers_small_a, chequers_serial_rivers_micro_a,
          chequers_serial_rivers_small_b, chequers_serial_rivers_room_a,
          chequers_serial_rivers_large_a, chequers_serial_rivers_micro_c
Lair:5:   layout_roguey, serial_bayou_pond_a, beast_lair_carwin_1, uniq_urug
Lair:6:   wormcave, layout_gridlike, hangedman_lair_tendril_chambers,
          minmay_slime_entry_pillars, columned_hall_lemuel, uniq_josephine,
          uniq_kirke
Swamp:1:  layout_basic_swamp, nicolae_swamp_very_dense_foliage, uniq_aizul
Swamp:2:  layout_basic_swamp, nicolae_swamp_feature_on_the_river_bank,
          swamp_pool4
Swamp:3:  layout_basic_swamp, evilmike_swamp_ruin_house_6, swamp_pool3
Swamp:4:  swamp_alternative, layout_basic_swamp, water_boxes_lemuel, uniq_nikola
Spider:1: layout_spider_delve, uniq_donald, uniq_frances, uniq_agnes
Spider:2: layout_spider_delve, nicolae_spider_cling_ruins
Spider:3: layout_spider_delve
Spider:4: grunt_spider_rune_island, uniq_arachne
Orc:1:    layout_caves, uniq_erica, uniq_snorg, uniq_sonja
Orc:2:    pubby_orc_utopia
Elf:1:    eino_elf_arrival_shootout, layout_onion_city, enter_trove_0,
          minmay_elf_necromancy
Elf:2:    layout_gridlike, serial_shops, nicolae_shop_crystal,
          roderic_nine_men_s_morris, serial_sigils_hangedman_stare, uniq_roxanne
Elf:3:    elf_hall, layout_geoelf_castle, drop_trap
Vaults:1: nicolae_vaults_network_s, hangedman_vaults_cutoff,
          ontoclasm_vaults_chip, v_misc_3, nicolae_vaults_little_squares_3,
          nicolae_vaults_alarming, ontoclasm_vaults_ligature,
          nicolae_vaults_angled_halls, nicolae_vaults_yaktaur_gun_rack,
          layout_vaults_omnigrid, serial_shops, nicolae_shop_behind_doors

Skill      XL: |  1  2  3  4  5  6  7  8  9 10 11 12 13 14 15 16 17 18 19 20 21 |
---------------+----------------------------------------------------------------+-----
Invocations    | 1 2 3 4 5 6 7 8 9 10 11 12 13 14 | 14.1
Short Blades   | 1 2 3 4 5 6 7 8 9 10 11 12 13 | 13.1
Axes           | 1 2 3 4 5 6 7 8 9 10 11 12 13 | 13.1
Maces & Flails | 1 2 3 4 5 6 7 8 9 10 11 12 13 | 13.1
Polearms       | 1 2 3 4 5 6 7 8 9 10 11 12 13 | 13.1
Staves         | 1 2 3 4 5 6 7 8 9 10 11 12 13 | 13.1
Slings         | 1 2 3 4 5 6 7 8 9 10 11 12 13 | 13.1
Bows           | 1 2 3 4 5 6 7 8 9 10 11 12 13 | 13.1
Crossbows      | 1 2 3 4 5 6 7 8 9 10 11 12 13 | 13.1
Throwing       | 1 2 3 4 5 6 7 8 9 10 11 12 13 | 13.1
Dodging        | 1 2 3 4 5 6 7 8 9 10 11 12 13 | 13.1
Stealth        | 1 2 3 4 5 6 7 8 9 10 11 12 13 | 13.1
Unarmed Combat | 1 2 3 4 5 6 7 8 9 10 11 12 13 | 13.1
Spellcasting   | 1 2 3 4 5 6 7 8 9 10 11 12 13 | 13.1
Conjurations   | 1 2 3 4 5 6 7 8 9 10 11 | 11.3
Hexes          | 1 2 3 4 5 6 7 8 9 10 11 | 11.3
Charms         | 1 2 3 4 5 6 7 8 9 10 11 | 11.3
Summonings     | 1 2 3 4 5 6 7 8 9 10 11 | 11.3
Necromancy     | 1 2 3 4 5 6 7 8 9 10 11 | 11.3
Translocations | 1 2 3 4 5 6 7 8 9 10 11 | 11.3
Transmutations | 1 2 3 4 5 6 7 8 9 10 11 | 11.3
Fire Magic     | 1 2 3 4 5 6 7 8 9 10 11 | 11.3
Ice Magic      | 1 2 3 4 5 6 7 8 9 10 11 | 11.3
Air Magic      | 1 2 3 4 5 6 7 8 9 10 11 | 11.3
Earth Magic    | 1 2 3 4 5 6 7 8 9 10 11 | 11.3
Poison Magic   | 1 2 3 4 5 6 7 8 9 10 11 | 11.3
Evocations     | 1 2 3 4 5 6 7 8 9 10 11 12 13 | 13.1
Long Blades    | 5 6 7 8 9 10 11 12 13 | 13.8
Fighting       | 7 8 9 10 11 12 13 14 | 14.3
Armour         | 7 8 9 10 11 12 13 14 | 14.3
Shields        | 7 8 9 10 11 12 13 14 | 14.3

Action                   |  1- 3 |  4- 6 |  7- 9 | 10-12 | 13-15 | 16-18 | 19-21 || total
-------------------------+-------+-------+-------+-------+-------+-------+-------++-------
Melee: Long sword        |    84 |   259 |   307 |   557 |  1577 |  1052 |  1001 ||  4837
       Bite              |     9 |    35 |    58 |   117 |   334 |   259 |   429 ||  1241
       Scimitar          |       |       |    43 |    65 |    41 |   157 |   496 ||   802
       Dagger            |       |       |       |    55 |    24 |       |       ||    79
Invok: Heroism           |       |       |     4 |    14 |    25 |    27 |     8 ||    78
Evoke: Wand              |       |       |     2 |       |     8 |       |       ||    10
  Use: Potion            |     3 |       |     2 |     3 |     7 |     7 |     5 ||    27
       Scroll            |       |       |     4 |    13 |    16 |    14 |     6 ||    53
 Stab: Sleeping          |       |       |       |       |       |       |     7 ||     7
       Confused          |       |       |       |       |       |       |     1 ||     1
  Eat: Chunk             |       |     9 |     9 |    14 |    46 |    44 |    42 ||   164
       Ration            |       |       |       |     4 |     2 |       |       ||     6
Armor: Scale mail        |    34 |    60 |       |       |       |       |       ||    94
       Chain mail        |       |    77 |    43 |       |       |       |       ||   120
       Plate armour      |       |       |   103 |   262 |   687 |   437 |   830 ||  2319
Dodge: Dodged            |    20 |    67 |    54 |   182 |   563 |   438 |   942 ||  2266
Block: Shield            |    54 |   168 |    50 |       |       |       |       ||   272
       Large shield      |       |       |   202 |   669 |  1831 |  1193 |  2119 ||  6014
       Rpst.: Long sword |    10 |    23 |    14 |    36 |   147 |    78 |   120 ||   428
       Scimitar          |       |       |     1 |     5 |     2 |    16 |    30 ||    54
